 Dungeon Sprint DCSS version bcrawl-1.15.1 (webtiles) character file.

Game seed: 4047535101123054644

12971 Chiseanne the Nimble (level 11, -13/97 (98) HPs)
             Began as a Demonspawn Archaeologist on Sept 29, 2019.
             Was a High Priest of Okawaru.
             Killed from afar by a deep elf annihilator (51 damage)
             ... with an iron shot
             ... in the Dungeon (Sprint I: "Red Sonja").
             The game lasted 00:20:17 (3422 turns).

Chiseanne the Nimble (Demonspawn Archaeologist)     Turns: 3422, Time: 00:20:17

HP:   -13/97 (98)   AC: 34    Str: 12    XL:     11   Next: 69%
MP:   17/19         EV: 16    Int: 17    God:    Okawaru [*****.]
Gold: 326           SH:  0    Dex: 18    Spells: 10/10 levels left

rFire    . . .     SeeInvis .   a - +5 pair of quick blades "Gyre" and "Gimble" {pierce}
rCold    . . .     Gourm    .   (shield currently unavailable)
rNeg     + . .     Faith    .   r - +4 chain mail of the Monkey's Uncle {+Inv rN+}
rPois    .         Spirit   .   g - +0 helmet "Penanwui" {god gift, MR+ Int+2}
rElec    .         Reflect  .   (no cloak)
rCorr    .         Harm     .   q - +2 pair of gloves {Dex+3}
MR       +....     NoTele   +   b - +1 pair of boots {run} {god gift}
Stlth    ++++......             (no amulet)
HPRegen  0.26/turn              (no ring)
MPRegen  0.16/turn              (no ring)

@: heroism, sanguine armour, mesmerised, quick
A: nightstalker 1, powered by pain 1, sanguine armour 2
a: Heroism, Finesse, Renounce Religion, Evoke Invisibility


You were in the Dungeon.
You worshipped Okawaru.
Okawaru was extremely pleased with you.
You were very hungry.

You visited 1 branch You collected 1623 gold pieces.
You spent 1297 gold pieces at shops.

Inventory:

Hand Weapons
 a - the +5 pair of quick blades "Gyre" and "Gimble" (weapon) {pierce}

   It inflicts extra damage upon your enemies.
 s - the +9 whip "Earthworm" {speed, rC+ Int+2}
   (You bought it in a shop in the Dungeon)

   Attacks with this weapon are significantly faster.
   It affects your intelligence (+2).
   It protects you from cold.
 w - a +0 blowgun
Missiles
 e - 734 arrows
 f - 12 curare-tipped needles
 j - 199 sling bullets
 o - 96 stones (quivered)
Armour
 b - a +1 pair of boots of running (worn) {god gift}
 g - the +0 helmet "Penanwui" (worn) {god gift, MR+ Int+2}
   (Okawaru gifted it to you in the Dungeon)

   It affects your intelligence (+2).
   It affects your resistance to hostile enchantments.
 q - a +2 pair of gloves of dexterity (worn)
 r - the +4 chain mail of the Monkey's Uncle (worn) {+Inv rN+}
   (You bought it in a shop in the Dungeon)

   It protects you from negative energy.
   It lets you turn invisible.
Wands
 d - a wand of flame (14)
 l - a wand of polymorph (11)
Scrolls
 m - 2 scrolls of remove curse
Potions
 h - 3 potions of curing
 k - 3 potions of magic
Miscellaneous
 p - a fan of gales (inert)
Comestibles
 c - a chunk of flesh


   Skills:
 - Level 13.5(18.5) Fighting
 - Level 11.2(16.2) Short Blades
 - Level 0.8(5.8) Maces & Flails
 * Level 11.0(16.0) Armour
 * Level 14.4(19.4) Dodging
 * Level 11.3(16.3) Stealth
 * Level 10.7 Invocations


You had 10 spell levels left.
You didn't know any spells.
Your spell library was empty.

Dungeon Overview and Level Annotations

Branches:
Dungeon (1/1)

Altars:
Cheibriados
Dithmenos
Elyvilon
Fedhas
Gozag
Hepliaklqana
Kikubaaqudgha
Lugonu
Makhleb
Nemelex Xobeh
Okawaru
Qazlal
Ru
Sif Muna
Trog
Uskayaw
Vehumet
Wu Jian
Xom
Yredelemnul
Zin
The Shining One
Jiyva

Shops:
D :*:[*?*([[=*?=:


Innate Abilities, Weirdness & Mutations

You are slightly more attuned to the shadows.
You sometimes gain a little power by taking damage.
When seriously injured, your bleeding wounds create thick armour. (AC +9)


Message History

Evoke which item? (* to show all) (? for menu, Esc to quit)
A fierce wind blows from the fan.
The hornets and the deep elf annihilator are blown away by the wind.
The hornet stings you but does no damage.
The mummy priest calls down the wrath of its god upon you.
Something smites you!
The merfolk siren chants its luring song.
The hornet stings you but does no damage.
The hellwing hits you but does no damage. x2
The hornet stings you but does no damage.
Okay, then.
You cannot move away from the merfolk siren!
You gain the combat prowess of a mighty hero.
The hornet barely misses you.
The merfolk siren chants its luring song.
The hornet completely misses you.
The deep elf annihilator gestures at you while chanting.
The iron shot hits you!
Ouch! That really hurt!
You die...

##################
§.§§§.§.§§§§..#^^+
§####§§§.§##..'^^#
§# ##.§.#######'#
§# ###§# $%##..#
## #.##$$$#..## °#
#..###$#..≈### °+
##.#A#$#..4."# °#
#..###$#y@≈§## .#
#.##..$#y.≈## ##
#..#+###.y≈# #
##{..# ≈ey## #
###.#M≈m.# .###..#
# +..#


You could see a deep elf annihilator, a mummy priest, a hellwing, a merfolk
siren and 4 hornets.

Vanquished Creatures
  A hydra (D)
  2 centaur warriors (D)
  An anaconda (D)
  6 unseen horrors (D)
  A lindwurm (D)
  An oklob plant (D)
  A merfolk siren (D)
  A gargoyle (D)
  2 kobold demonologists (D)
  4 demonic crawlers (D)
  A hornet (D)
  A slime creature (D)
  2 redbacks (D)
  Sigmund (D)
  A yak (D)
  13 hogs (D)
  A warg (D)
  3 floating eyes (D)
  An ogre (D)
  7 necrophages (D)
  8 jellies (D)
  Ijyb (D)
  3 ballistomycetes (D)
63 creatures vanquished.

Vanquished Creatures (others)
  A gargoyle (D)
  2 ballistomycete spores (D)
3 creatures vanquished.

Grand Total: 66 creatures vanquished

Notes
Turn   | Place    | Note
-------+----------+-------------------------------------------
     0 | D        | Chiseanne the Demonspawn Archaeologist began the quest for
                  | the Orb.
     0 | D        | Reached XP level 1. HP: 15/15 MP: 1/1
     1 | D        | Noticed Ijyb
    19 | D        | Killed Ijyb
    19 | D        | Reached skill level 4 in Dodging
    19 | D        | Gained mutation: You sometimes gain a little power by
                  | taking damage. [demonic ancestry]
    19 | D        | Reached XP level 2. HP: 21/25 MP: 2/2
   325 | D        | Noticed an ogre
   349 | D        | Killed an ogre
   349 | D        | Reached skill level 6 in Dodging
   349 | D        | Reached XP level 3. HP: 33/35 MP: 3/3
   349 | D        | Reached XP level 4. HP: 39/41 MP: 4/4
   379 | D        | Noticed Sigmund
   393 | D        | Killed Sigmund
   393 | D        | Gained mutation: When seriously injured, your bleeding
                  | wounds create armour. (AC +9) [demonic ancestry]
   393 | D        | Reached XP level 5. HP: 47/47 MP: 5/5
   393 | D        | Reached XP level 6. HP: 53/53 MP: 6/6
   413 | D        | Found an ornate altar of the Wu Jian Council.
   413 | D        | Found a shimmering blue altar of Sif Muna.
   415 | D        | Found a radiant altar of Vehumet.
   439 | D        | Found Was Nump's Book Emporium.
   439 | D        | Found an ancient bone altar of Kikubaaqudgha.
   439 | D        | Found a hazy altar of Hepliaklqana.
   439 | D        | Found a hide-covered altar of Uskayaw.
   439 | D        | Found a basalt altar of Yredelemnul.
   439 | D        | Found an opulent altar of Gozag.
   439 | D        | Found a snail-covered altar of Cheibriados.
   439 | D        | Found a sacrificial altar of Ru.
   439 | D        | Found a shadowy altar of Dithmenos.
   439 | D        | Noticed a yak
   446 | D        | Killed a yak
   446 | D        | Reached skill level 7 in Dodging
   447 | D        | Found a stormy altar of Qazlal.
   447 | D        | Found a blossoming altar of Fedhas.
   447 | D        | Found a bloodstained altar of Trog.
   447 | D        | Found an iron altar of Okawaru.
   447 | D        | Found a glowing golden altar of the Shining One.
   447 | D        | Found a glowing silver altar of Zin.
   447 | D        | Found a white marble altar of Elyvilon.
   448 | D        | Found a sparkling altar of Nemelex Xobeh.
   453 | D        | Became a worshipper of Warmaster Okawaru
   461 | D        | Noticed Sonja
   463 | D        | Noticed Sonja
   463 | D        | Sonja changed into Sonja the warg
   468 | D        | Killed Sonja the warg
   468 | D        | Reached skill level 8 in Dodging
   468 | D        | Reached XP level 7. HP: 34/62 MP: 7/7
   731 | D        | Noticed a deep troll
   733 | D        | Noticed an anaconda
   733 | D        | a deep troll changed into an anaconda
   739 | D        | Killed an anaconda
   739 | D        | Reached * piety under Okawaru
   739 | D        | Reached ** piety under Okawaru
   739 | D        | Reached *** piety under Okawaru
   739 | D        | Reached skill level 10 in Fighting
   739 | D        | Reached skill level 10 in Short Blades
   739 | D        | Reached skill level 9 in Dodging
   739 | D        | Reached XP level 8. HP: 52/72 MP: 8/8
   814 | D        | Noticed a centaur warrior
   814 | D        | Noticed a centaur warrior
   830 | D        | Killed a centaur warrior
   830 | D        | Reached skill level 5 in Armour
   830 | D        | Reached skill level 10 in Dodging
   842 | D        | Killed a centaur warrior
   842 | D        | Reached **** piety under Okawaru
   842 | D        | Reached skill level 11 in Dodging
   842 | D        | Gained mutation: You are slightly more attuned to the
                  | shadows. [demonic ancestry]
   842 | D        | Reached XP level 9. HP: 39/82 MP: 9/9
  1020 | D        | Noticed an oklob plant
  1022 | D        | Killed an oklob plant
  1041 | D        | Killed a gargoyle
  1239 | D        | Reached skill level 5 in Stealth
  1615 | D        | Reached skill level 12 in Dodging
  1624 | D        | Reached ***** piety under Okawaru
  1624 | D        | Gained mutation: When seriously injured, your bleeding
                  | wounds create thick armour. (AC +9) [demonic ancestry]
  1624 | D        | Reached XP level 10. HP: 91/91 MP: 10/10
  1642 | D        | Killed an unseen horror
  1652 | D        | Killed an unseen horror
  1753 | D        | Found Oskota's Book Shoppe.
  1753 | D        | Found Liunu's Magic Scroll Boutique.
  1754 | D        | Found Emuts's Antique Armour Boutique.
  1795 | D        | Found Aviprar's Assorted Antiques.
  1795 | D        | Found Heolucol's Jewellery Emporium.
  1796 | D        | Found Qoeb's Book Emporium.
  1800 | D        | Found Hioxituts's General Store.
  1800 | D        | Found Lunod's Jewellery Shoppe.
  1800 | D        | Found Ycvoofao's Armour Shop.
  1800 | D        | Found Ate Voh's Armour Emporium.
  1800 | D        | Found Ruw Fac's Weapon Boutique.
  1800 | D        | Found Tygekim's General Store.
  1803 | D        | Found Vumpe's Magic Scroll Shop.
  1804 | D        | Found Jujac's General Store.
  1814 | D        | Bought a scroll labeled XOQUCA GIAWNY for 30 gold pieces
  1814 | D        | Bought a scroll labeled XOQUCA GIAWNY for 30 gold pieces
  1814 | D        | Bought a scroll labeled XOQUCA GIAWNY for 30 gold pieces
  1814 | D        | Bought a scroll labeled CIXUIRIGOQ for 30 gold pieces
  1824 | D        | Bought an encrusted leather armour for 182 gold pieces
  1829 | D        | Identified the cursed +0 leather armour of the Crown {rPois
                  | MR+++ Int-5 Dex-3} (You bought it in a shop in the Dungeon)
  1844 | D        | Bought a +2 pair of gloves of dexterity for 258 gold pieces
  1849 | D        | Bought the +4 chain mail of the Monkey's Uncle {+Inv rN+}
                  | for 512 gold pieces
  1870 | D        | Bought a fine whip for 225 gold pieces
  1874 | D        | Identified the +9 whip "Earthworm" {speed, rC+ Int+2} (You
                  | bought it in a shop in the Dungeon)
  1913 | D        | Found a viscous altar of Jiyva.
  1913 | D        | Found a corrupted altar of Lugonu.
  1914 | D        | Found a burning altar of Makhleb.
  1914 | D        | Found a shimmering altar of Xom.
  1932 | D        | Noticed a sun demon
  1936 | D        | Reached skill level 1 in Invocations
  2099 | D        | Received a gift from Okawaru
  2099 | D        | Reached skill level 13 in Dodging
  2127 | D        | Reached skill level 5 in Invocations
  2413 | D        | Identified a +1 pair of boots of running {god gift}
                  | (Okawaru gifted it to you in the Dungeon)
  2426 | D        | Noticed a gargoyle
  2482 | D        | Killed a gargoyle
  2613 | D        | Noticed a lindwurm
  2630 | D        | Killed a lindwurm
  2630 | D        | Reached XP level 11. HP: 81/97 MP: 12/15
  2736 | D        | Reached skill level 10 in Stealth
  2761 | D        | Reached skill level 10 in Armour
  2924 | D        | Noticed a daeva
  2939 | D        | Noticed an unseen horror
  2940 | D        | Noticed an unseen horror
  2941 | D        | Noticed an unseen horror
  2942 | D        | Noticed an unseen horror
  2958 | D        | Killed an unseen horror
  2964 | D        | Killed an unseen horror
  2964 | D        | Reached skill level 14 in Dodging
  2970 | D        | Killed an unseen horror
  2975 | D        | Killed an unseen horror
  2975 | D        | Received a gift from Okawaru
  2975 | D        | Reached skill level 10 in Invocations
  2977 | D        | Got a fine helmet {god gift}
  3289 | D        | Identified the +0 helmet "Penanwui" {god gift, MR+ Int+2}
                  | (Okawaru gifted it to you in the Dungeon)
  3299 | D        | Noticed a 12-headed hydra
  3309 | D        | Killed a 12-headed hydra
  3411 | D        | Noticed a deep elf annihilator
  3416 | D        | Noticed a mummy priest
  3422 | D        | Killed from afar by a deep elf annihilator

Skill      XL: |  1  2  3  4  5  6  7  8  9 10 11 |
---------------+----------------------------------+-----
Fighting       | 4 6 8 10 11 12 13 | 13.5
Dodging        | 4 6 8 9 11 12 13 14 | 14.4
Short Blades   | 8 9 10 11 | 11.2
Armour         | 2 4 6 7 9 11 | 11.0
Stealth        | 5 9 11 | 11.3
Invocations    | 6 10 | 10.7
Maces & Flails | |  0.8

Action                   |  1- 3 |  4- 6 |  7- 9 | 10-12 || total
-------------------------+-------+-------+-------+-------++-------
Melee: Whip              |     9 |       |       |   102 ||   111
       Unarmed           |     5 |       |       |       ||     5
       Dagger            |    11 |     8 |       |       ||    19
       Pair of quick bla |       |    13 |    71 |   163 ||   247
       Punch             |       |       |       |     7 ||     7
Invok: Heroism           |       |       |       |     8 ||     8
       Finesse           |       |       |       |     1 ||     1
Evoke: Wand              |       |     1 |     1 |       ||     2
       Fan of gales      |       |       |       |     1 ||     1
  Use: Potion            |     3 |       |       |     1 ||     4
       Scroll            |       |       |     3 |     4 ||     7
 Stab: Sleeping          |       |       |     5 |     2 ||     7
  Eat: Chunk             |       |       |     1 |     2 ||     3
       Ration            |       |       |       |     1 ||     1
Armor: Ring mail         |       |     1 |    11 |     9 ||    21
       Chain mail        |       |       |       |   133 ||   133
Dodge: Dodged            |    12 |     7 |    18 |   131 ||   168
